 Dungeon Crawl Stone Soup version 0.27-a0-1273-gec92ba881d (webtiles) character file.

Game seed: 14674792610993579501

134258 Strat the Brawler (level 16, -5/176 HPs)
             Began as a Troll Monk on June 10, 2021.
             Was the Champion of Ru.
             Slain by Strat's illusion (illusionary) (27 damage)
             ... woven by Mara
             ... on level 4 of the Snake Pit on June 11, 2021.
             The game lasted 01:02:09 (27011 turns).

Strat the Brawler (Troll Monk)                     Turns: 27011, Time: 01:02:10

Health: -5/176     AC:  9    Str: 27    XL:     16   Next: 61%
Magic:  15/15      EV: 19    Int:  6    God:    Ru [******]
Gold:   1837       SH:  0    Dex: 19    Spells: 13/15 levels left

rFire    + . .     SeeInvis .     - Unarmed
rCold    . . .     Faith    .   (shield unavailable)
rNeg     . . .     Spirit   .   I - +0 acid dragon scales
rPois    +         Reflect  .   (helmet restricted)
rElec    .         Harm     .   p - scarf {rC+ rF+}
rCorr    +         Rampage  .   (gloves unavailable)
Will     +....                  (boots unavailable)
Stlth    ++........             H - amulet of Noon {Regen+ Str+2}
HPRegen  2.39/turn              (ring unavailable)
MPRegen  0.14/turn              E - ring "Ycsatocu" {rPois rF+ Str+2 Dex+2}

@: mighty
A: large, unfitting armour, claws 3, regeneration 1, shaggy fur 1, tough skin 1,
missing a hand, inability to use devices, temperature sensitive
a: Renounce Religion, Draw Out Power, Power Leap, Apocalypse


You were on level 4 of the Snake Pit.
You worshipped Ru.
Ru was exalted by your worship.
You visited 6 branches of the dungeon, and saw 29 of its levels.
You also visited: Bailey.

You collected 2327 gold pieces.
You spent 490 gold pieces at shops.

Inventory:

Hand Weapons
 D - a +2 flail of protection
Missiles
 e - 768 stones
 g - 6 javelins
 h - 29 large rocks (quivered)
 i - a throwing net
 o - 6 atropa-tipped darts
 v - 4 curare-tipped darts
 y - 69 boomerangs
Armour
 j - a +2 robe of cold resistance
 p - a scarf of resistance (worn)
 w - a +2 cloak
 I - +0 acid dragon scales (worn)
Jewellery
 a - a +4 ring of protection
 c - a ring of protection from cold
 E - the ring "Ycsatocu" (right claw) {rPois rF+ Str+2 Dex+2}
   (You bought it in a shop on level 2 of the Orcish Mines)

   [ring of protection from fire]

   It affects your strength (+2).
   It affects your dexterity (+2).
   It protects you from fire.
   It protects you from poison.
 H - the amulet of Noon (around neck) {Regen+ Str+2}
   (You found it on level 12 of the Dungeon)

   [amulet of regeneration]

   It affects your strength (+2).
   It increases your rate of health regeneration.
 K - a ring of see invisible
Scrolls
 b - 12 scrolls of teleportation
 l - 5 scrolls of identify
 m - 5 scrolls of enchant armour
 B - 3 scrolls of magic mapping
 F - a scroll of amnesia
 G - a scroll of enchant weapon
Potions
 d - 4 potions of curing
 f - 2 potions of brilliance
 k - 5 potions of degeneration
 n - 11 potions of flight
 q - 4 potions of attraction
 r - 2 potions of might
 s - 3 potions of cancellation
 t - a potion of ambrosia
 u - 3 potions of lignification
 x - a potion of berserk rage
 z - 4 potions of mutation
 A - 5 potions of magic
 C - 3 potions of invisibility


   Skills:
 + Level 15.5 Fighting
 + Level 4.7 Throwing
 - Level 5.0 Armour
 - Level 15.0 Dodging
 - Level 1.0 Stealth
 + Level 18.5 Unarmed Combat


You had 13 spell levels left.
You knew the following spells:

 Your Spells              Type           Power      Damage    Failure   Level
a - Blink                 Tloc           N/A        N/A       65%         2

Your spell library contained the following spells:

 Spells                   Type           Power      Damage    Failure   Level
 Animate Skeleton         Necr           0%         N/A       52%         1
 Apportation              Tloc           0%         N/A       52%         1
 Corona                   Hex            0%         N/A       52%         1
 Freeze                   Ice            0%         1d3       52%         1
 Magic Dart               Conj           0%         1d3       52%         1
 Sting                    Tmut/Pois      0%         1d3       52%         1
 Summon Small Mammal      Summ           0%         N/A       52%         1
 Call Imp                 Summ           0%         N/A       65%         2
 Poisonous Vapours        Pois/Air       0%         N/A       65%         2
 Slow                     Hex            0%         N/A       65%         2
 Call Canine Familiar     Summ           0%         N/A       87%         3
 Conjure Flame            Conj/Fire      0%         6-21      87%         3
 Frozen Ramparts          Ice            0%         1d2       87%         3
 Ignite Poison            Fire/Tmut/Pois 0%         N/A       87%         3
 Mephitic Cloud           Conj/Pois/Air  0%         N/A       87%         3
 Ozocubu's Armour         Ice            0%         N/A       87%         3
 Summon Guardian Golem    Hex/Summ       0%         N/A       87%         3
 Hailstorm                Conj/Ice       0%         3d3       99%         4
 Summon Ice Beast         Ice/Summ       0%         N/A       99%         4
 Summon Lightning Spire   Summ/Air       0%         N/A       99%         4
 Freezing Cloud           Conj/Ice/Air   0%         6-21      100%        5
 Metabolic Englaciation   Hex/Ice        0%         N/A       100%        5
 Ozocubu's Refrigeration  Ice            0%         4d5       100%        7


Dungeon Overview and Level Annotations

Branches:
Dungeon (15/15)            Temple (1/1) D:7            Lair (6/6) D:8
 Shoals (0/4) Lair:3        Snake (4/4) Lair:4        Slime (0/5) Lair:6
    Orc (2/2) D:11            Elf (0/3) Orc:2        Vaults (0/5) D:13
 Depths (1/5) D:15         Bailey (visited)

Altars:
Ashenzari
Cheibriados
Dithmenos
Elyvilon
Fedhas
Gozag
Hepliaklqana
Kikubaaqudgha
Makhleb
Nemelex Xobeh
Okawaru
Qazlal
Ru
Sif Muna
Trog
Uskayaw
Vehumet
Wu Jian
Xom
Yredelemnul
Zin
The Shining One
Beogh
Jiyva

Shops:
D:1 ?   D:13 *   Orc:2 [(==   Snake:2 =:=   Snake:4 ?

Annotations:
D:5 Sigmund
D:7 exclusion: obsidian statue
D:9 1 transporter, mdonais's ghost, novice OpTm
Snake:3 3 runed translucent doors, rjrrt's ghost, adept MiBe
Snake:4 3 runed translucent doors, Mara; polio18's ghost, adept TrMo


Innate Abilities, Weirdness & Mutations

You are too large for most types of armour.
You have claws for hands.
Your natural rate of healing is unusually fast.
You are covered in fur. (AC +1)
You have tough skin. (AC +1)
You are missing a hand.
You cannot study or use magical devices.
You are sensitive to extremes of temperature. (rF-, rC-)


Message History

Mara hits you from afar with a +0 demon trident of pain!!
You writhe in agony.
* * * LOW HITPOINT WARNING * * *
You scratch Mara.
Mara is almost dead.
You eviscerate Mara!!!
You kill Mara!
Strat's illusion misses you.
Mara weaves an illusion.
Mara shimmers and seems to become three!
You mangle Mara!!
You kill Mara!
Mara begins to attack, but is stunned by your conviction!
Strat's illusion hits you but does no damage.
You redirect Mara's attack!
Mara gestures at Strat's illusion.
The bolt of fire hits Strat's illusion!!
Strat's illusion resists.
Mara misses you. Mara closely misses you.
You eviscerate Mara!!!
You kill Mara!
Mara hits you with a +0 demon trident of pain!!
* * * LOW HITPOINT WARNING * * *
You barely miss Mara.
Mara is almost dead.
Strat's illusion hits you!!
* * * LOW HITPOINT WARNING * * *
You focus your inner power and illuminate Strat's illusion in retribution!
Mara begins to attack, but is stunned by your conviction!
You barely miss Mara.
Mara is almost dead.
You barely miss Mara.
Mara is almost dead.
Strat's illusion hits you!!!
* * * LOW HITPOINT WARNING * * *
Mara begins to attack, but is stunned by your conviction!
You claw Mara!
Mara is almost dead.
Strat's illusion stops glowing.
Strat's illusion hits you!!
You die...

.. #.....#
#...#.#.......###.. #
##.########.########).###...
#.......#...#.......###....
#.###.....#.....#######....
#†..###.#...#.###.###.R....
#.....###.∩.###........##..
#...###.#...#.###....####..
##.###....@#R....###.## ##)
#........#.@.#.......# ..
#..########.########.# .
#(........#... .... .
#..........##.## .......
.............#.# ..........
...............#.#
#####......
.................# #.....
.................. .....
...............


You could see Mara and Strat's illusion (strong).

Vanquished Creatures
  Nikola (Snake:2)
  A nagaraja (Snake:4)
  A fire giant (Depths:1)
  A frost giant (Depths:1)
  Aizul (Snake:1)
  2 stone giants (Depths:1)
  Snorg (D:14)
  An ettin (Orc:1)
  Fannar (Orc:1)
  A salamander tyrant (Snake:2)
  8 naga warriors
  2 ice dragons (Depths:1)
  4 catoblepae
  4 boulder beetles
  4 ogre magi
  8 anacondas
  3 hydras
  Erolcha (D:10)
  Erica (D:8)
  A tengu warrior (D:13)
  2 centaur warriors
  6 death yaks (Lair:6)
  18 two-headed ogres
  Urug (D:13)
  3 shock serpents
  7 naga sharpshooters
  Sonja (Lair:2)
  3 salamander mystics
  5 sea snakes (Snake:2)
  A deep troll (Orc:1)
  2 naga ritualists
  Pikel (D:9)
  A wizard (D:14)
  A necromancer (D:15)
  3 manticores
  3 orc knights
  6 orc sorcerers
  A deep elf pyromancer (D:15)
  5 cyclopes
  12 salamanders
  2 ugly things
  6 mana vipers
  7 elephants
  8 naga magi
  20 black mambas
  4 gargoyles
  6 cane toads
  Psyche (D:9)
  2 freezing wraiths (D:14)
  4 rime drakes
  13 komodo dragons
  A tengu conjurer (D:13)
  A polar bear (Lair:3)
  10 trolls
  6 meliai
  Prince Ribbit (D:8)
  14 blink frogs
  A snapping turtle (Lair:3)
  4 slime creatures
  A centaur simulacrum (D:15)
  2 wraiths
  4 wyverns
  A shadow (D:12)
  47 yaks
  2 vampires
  16 humans (D:13)
  4 basilisks
  14 vampire mosquitoes
  A warg (Orc:1)
  21 nagas
  2 acid dragons (D:13)
  6 water moccasins
  18 orc warriors
  Duvessa (D:5)
  A meliai simulacrum (D:14)
  2 sky beasts
  5 black bears
  6 wolves
  A necrophage (D:6)
  22 ogres
  A phantom (D:6)
  14 centaurs
  2 kobold brigands
  8 bullfrogs
  3 scorpions
  A gnoll sergeant (D:10)
  2 wyvern zombies
  Dowan (D:5)
  A water moccasin zombie (D:5)
  18 killer bees
  7 wights
  4 howler monkeys
  4 centaur zombies
  7 orc priests
  2 hounds (D:5)
  5 centaur skeletons
  A gnoll shaman (D:7)
  2 jellies
  3 iguanas
  12 orc wizards
  A howler monkey zombie (D:10)
  10 gnolls
  A howler monkey skeleton (D:7)
  5 adders
  2 white imps
  2 ufetubi
  4 worms
  2 dart slugs (D:4)
  98 orcs
  9 ball pythons
  6 bats
  11 endoplasms
  A giant cockroach (D:2)
  8 goblins
  9 hobgoblins
  11 jackals
  3 quokkas
  2 frilled lizards
  22 kobolds
  4 rats
726 creatures vanquished.

Vanquished Creatures (others)
  2 anacondas
  A two-headed ogre (Orc:1)
  A deep troll (Orc:2)
  A black mamba (Snake:1)
  A naga (Snake:1)
  2 ogres
  5 orcs
  14 fungi
  111 plants
138 creatures vanquished.

Grand Total: 864 creatures vanquished

Notes
Turn   | Place    | Note
-------+----------+-------------------------------------------
     0 | D:1      | Strat the Troll Monk began the quest for the Orb.
     0 | D:1      | Reached XP level 1. HP: 22/22 MP: 0/0
   328 | D:1      | Found a faded altar of an unknown god.
   365 | D:1      | Reached XP level 2. HP: 25/29 MP: 1/1
   533 | D:1      | Found Ylia's Magic Scroll Boutique.
   748 | D:1      | Reached skill level 4 in Unarmed Combat
   933 | D:1      | Reached XP level 3. HP: 36/36 MP: 2/2
  1313 | D:2      | You are sucked into a shaft and drop 1 floor!
  1399 | D:2      | Reached XP level 4. HP: 44/44 MP: 3/3
  1454 | D:2      | Reached skill level 5 in Unarmed Combat
  1899 | D:3      | Noticed a black bear
  2198 | D:3      | Found a shadowy altar of Dithmenos.
  2264 | D:2      | Killed a black bear
  2265 | D:2      | Reached skill level 6 in Unarmed Combat
  2265 | D:2      | Reached XP level 5. HP: 50/50 MP: 4/4
  3269 | D:4      | Noticed a sky beast
  3308 | D:5      | Entered Level 5 of the Dungeon
  3335 | D:5      | Reached XP level 6. HP: 53/59 MP: 5/5
  3435 | D:5      | Reached skill level 7 in Unarmed Combat
  3878 | D:5      | Reached skill level 8 in Unarmed Combat
  3878 | D:5      | Reached XP level 7. HP: 56/66 MP: 6/6
  3921 | D:5      | Noticed Duvessa
  3995 | D:5      | Killed Duvessa
  4013 | D:5      | Noticed Dowan
  4400 | D:5      | Noticed Sigmund
  4607 | D:6      | Reached skill level 9 in Unarmed Combat
  4759 | D:6      | Noticed a yak
  4854 | D:6      | Reached XP level 8. HP: 74/74 MP: 7/7
  4918 | D:6      | Reached skill level 10 in Unarmed Combat
  5215 | D:5      | Reached skill level 5 in Fighting
  5353 | D:5      | Reached skill level 1 in Throwing
  5366 | D:5      | Reached XP level 9. HP: 59/88 MP: 8/8
  5519 | D:5      | Killed Dowan
  5973 | D:7      | Reached skill level 11 in Unarmed Combat
  6297 | D:7      | You are sucked into a shaft and drop 1 floor!
  6309 | D:8      | Found a staircase to the Lair.
  6395 | D:7      | Found a staircase to the Ecumenical Temple.
  6442 | D:7      | Found a flagged portal.
  6449 | Bailey   | Entered a bailey
  6630 | D:7      | Reached skill level 12 in Unarmed Combat
  6796 | D:7      | Noticed an obsidian statue
  7247 | D:8      | Noticed Erica
  7283 | Temple   | Entered the Ecumenical Temple
  7408 | Temple   | Became a worshipper of Ru the Awakened
  7555 | D:8      | Identified the +0 buckler of Yhiosept {Contam Fly Dex+7}
  7598 | D:8      | Reached XP level 10. HP: 91/98 MP: 9/9
  8068 | D:8      | Noticed Prince Ribbit
  8086 | D:8      | Killed Prince Ribbit
  8403 | D:8      | Killed Erica
  8404 | D:8      | Reached skill level 5 in Dodging
  8448 | D:8      | Identified 2 scrolls of acquirement
  8448 | D:8      | Acquired a manual of Fighting
  8450 | D:8      | Acquired a +4 ring of protection
  8533 | D:9      | Noticed Psyche
  8562 | D:9      | Killed Psyche
  8629 | D:9      | Identified the +3 dire flail "Kuhuny" {vorpal, Str+5 Int+2
                  | Dex-2}
  8629 | D:9      | Identified the +5 great mace of Bile {venom, *Rage rPois
                  | rN++ Stlth+}
  8629 | D:9      | Noticed a two-headed ogre
  8631 | D:9      | Noticed mdonais's ghost (novice OpTm)
  8633 | D:9      | Found a transporter.
  8681 | D:9      | Noticed a two-headed ogre
  8687 | D:9      | Killed a two-headed ogre
  8698 | D:9      | Noticed Pikel
  8704 | D:9      | Killed Pikel
  8705 | D:9      | Reached skill level 10 in Fighting
  8881 | D:9      | Reached XP level 11. HP: 115/119 MP: 10/10
  9199 | D:10     | Entered Level 10 of the Dungeon
  9369 | D:10     | Learned a level 2 spell: Blink
  9772 | D:10     | Noticed a two-headed ogre
  9784 | D:10     | Killed a two-headed ogre
  9822 | D:10     | Noticed Erolcha
  9832 | D:10     | Killed Erolcha
 10367 | D:11     | Found a staircase to the Orcish Mines.
 10370 | D:11     | Noticed an orc knight
 10415 | D:11     | Killed an orc knight
 10527 | D:11     | Noticed a boulder beetle
 10549 | D:11     | Killed a boulder beetle
 10679 | D:12     | Noticed a two-headed ogre
 10681 | D:12     | Killed a two-headed ogre
 10723 | D:12     | Noticed a cyan ugly thing
 10822 | D:12     | Killed a cyan ugly thing
 10904 | D:12     | Noticed a two-headed ogre
 10914 | D:12     | Killed a two-headed ogre
 10955 | D:12     | Identified the amulet of Noon {Regen+ Str+2}
 11070 | D:12     | Reached XP level 12. HP: 132/140 MP: 11/11
 11114 | D:12     | Noticed a two-headed ogre
 11118 | D:12     | Noticed a centaur warrior
 11127 | D:12     | Killed a two-headed ogre
 11131 | D:12     | Killed a centaur warrior
 11362 | D:12     | Identified the +8 quarterstaff "Pihagh" {vorpal, rElec}
 11383 | D:13     | Found a gate to the Vaults.
 11383 | D:13     | Noticed a centaur warrior
 11383 | D:13     | Noticed Urug
 11383 | D:13     | Noticed an ogre mage
 11383 | D:13     | Noticed a two-headed ogre
 11533 | Lair:1   | Entered Level 1 of the Lair of Beasts
 11638 | Lair:1   | Reached skill level 15 in Fighting
 11999 | Lair:1   | Gained mutation: You cannot study or use magical devices.
                  | [Ru sacrifice]
 11999 | Lair:1   | Reached * piety under Ru
 11999 | Lair:1   | Reached ** piety under Ru
 12163 | Lair:2   | Noticed Sonja
 12166 | Lair:2   | Killed Sonja
 12669 | Lair:2   | Noticed a catoblepas
 12687 | Lair:2   | Killed a catoblepas
 13175 | Lair:3   | Reached skill level 13 in Unarmed Combat
 13612 | Lair:3   | Found a staircase to the Shoals.
 13705 | Lair:3   | Noticed a five-headed hydra
 13918 | Lair:3   | Reached XP level 13. HP: 111/149 MP: 12/12
 14155 | Lair:4   | Gained mutation: You are missing a hand. [Ru sacrifice]
 14155 | Lair:4   | Reached *** piety under Ru
 14155 | Lair:4   | Reached **** piety under Ru
 14155 | Lair:4   | Reached ***** piety under Ru
 14193 | Lair:4   | Found a staircase to the Snake Pit.
 14558 | Snake:1  | Entered Level 1 of the Snake Pit
 15056 | Lair:6   | Entered Level 6 of the Lair of Beasts
 15068 | Lair:6   | Reached skill level 14 in Unarmed Combat
 16019 | Lair:6   | Found a staircase to the Slime Pits.
 16020 | Lair:6   | Found a viscous altar of Jiyva.
 16179 | Lair:6   | Gained mutation: You are sensitive to extremes of
                  | temperature. (rF-, rC-) [Ru sacrifice]
 16179 | Lair:6   | Reached ****** piety under Ru
 16318 | Lair:6   | Reached skill level 15 in Unarmed Combat
 16594 | Lair:6   | Reached XP level 14. HP: 159/159 MP: 13/13
 17100 | Orc:1    | Entered Level 1 of the Orcish Mines
 17100 | Orc:1    | Noticed Fannar
 17109 | Orc:1    | Killed Fannar
 17299 | Orc:2    | Entered Level 2 of the Orcish Mines
 17430 | Orc:1    | Paralysed by an orc sorcerer for 5 turns
 17617 | Orc:2    | Found a staircase to the Elven Halls.
 17867 | Orc:2    | Found Sorchaom's Antique Weapon Boutique.
 17868 | Orc:2    | Found Jodupp's Jewellery Shop.
 17902 | Orc:2    | Reached skill level 10 in Dodging
 18037 | Orc:2    | Reached skill level 16 in Unarmed Combat
 18184 | Orc:2    | Found Liekko's Armour Emporium.
 18193 | Orc:2    | Found Ituettoa's Jewellery Boutique.
 18202 | Orc:2    | Bought the ring "Ycsatocu" {rPois rF+ Str+2 Dex+2} for 490
                  | gold pieces
 18506 | D:13     | Acquired a manual of Dodging
 18710 | D:13     | Killed Urug
 19055 | D:13     | Found Vufovaoje's Assorted Antiques.
 19128 | D:13     | Found a hazy altar of Hepliaklqana.
 19340 | D:14     | Noticed Snorg
 19347 | D:14     | Killed Snorg
 19348 | D:14     | Reached XP level 15. HP: 167/167 MP: 14/14
 19766 | D:14     | Identified the Reference Book on Toxins and Snow
 20468 | D:14     | Found an ornate altar of the Wu Jian Council.
 20530 | D:15     | Entered Level 15 of the Dungeon
 20560 | D:15     | Found a broken altar of Ashenzari.
 20855 | D:15     | Found an iron altar of Okawaru.
 20904 | D:15     | Found a staircase to the Depths.
 20979 | D:15     | Reached skill level 17 in Unarmed Combat
 21568 | Depths:1 | Entered Level 1 of the Depths
 21616 | Depths:1 | Found a glowing golden altar of the Shining One.
 21650 | Depths:1 | Noticed a fire giant
 21662 | Depths:1 | Killed a fire giant
 21671 | Depths:1 | Noticed a frost giant
 21705 | Depths:1 | Killed a frost giant
 22306 | Snake:1  | Noticed Aizul
 22329 | Snake:1  | Killed Aizul
 22393 | Snake:1  | You fall into a shaft and drop 1 floor!
 22499 | Snake:2  | Noticed Nikola
 22539 | Snake:2  | Killed Nikola
 22540 | Snake:2  | Reached skill level 1 in Armour
 22918 | Snake:2  | Reached XP level 16. HP: 135/176 MP: 15/15
 23046 | Snake:2  | Found Pucihab's Jewellery Shop.
 23046 | Snake:2  | Found Jalou's Book Shoppe.
 23087 | Snake:2  | Found Vuyss's Jewellery Shop.
 23137 | Snake:2  | Upgraded the game from 0.27-a0-1256-gced786f65e to
                  | 0.27-a0-1273-gec92ba881d
 23194 | Snake:2  | Reached skill level 18 in Unarmed Combat
 25385 | Snake:3  | Found a runed translucent gate.
 25385 | Snake:3  | Found a runed translucent gate.
 25385 | Snake:3  | Found a runed translucent gate.
 25386 | Snake:3  | Noticed rjrrt's ghost (adept MiBe)
 25629 | Snake:3  | Identified the +1 robe of the Vaults {Str+4}
 26224 | Snake:4  | Entered Level 4 of the Snake Pit
 26400 | Snake:4  | Found a runed translucent gate.
 26400 | Snake:4  | Found a runed translucent gate.
 26400 | Snake:4  | Noticed polio18's ghost (adept TrMo)
 26402 | Snake:4  | Found a runed translucent gate.
 26417 | Snake:4  | Reached skill level 5 in Armour
 26678 | Snake:4  | Found Imperhom's Magic Scroll Boutique.
 26857 | Snake:4  | Reached skill level 15 in Dodging
 26964 | Snake:4  | Identified the +8 rapier of the Absolute Madman {flame,
                  | Stlth+}
 26967 | Snake:4  | Noticed Mara
 26993 | Snake:4  | Noticed Strat's illusion
 27011 | Snake:4  | Slain by Strat's illusion (illusionary)

Illustrated notes

Levels and vault maps discovered:
D:1:      dpeg_arrival_arbitrary_c, layout_basic, serial_shops,
          nicolae_shop_statue_plus, ebering_ecumenical_altar_petrified
D:2:      layout_loops_ring, minmay_tiny_reverse_x
D:3:      layout_basic, nicolae_dithmenos_shadow_blocks
D:4:      layout_cave_pods, st_stairs_8, kennysheep_flooded_box
D:5:      layout_basic, minmay_hedge_maze, uniq_sigmund, uniq_duvessa
D:6:      layout_cave_pools, grunt_ministairs_9
D:7:      statuecave_lemuel, layout_basic, minmay_temple_entry_crystal_x,
          enter_bailey_2, chequers_serial_rivers_room_a, wad_woods_river_04,
          kennysheep_decorative_pillar, grunt_tough_drop
D:8:      layout_loops_ring, david_lair_generic, uniq_prince_ribbit1, uniq_erica
D:9:      layout_roguey, special_room [special_room_orc], gammafunk_ghost_smash,
          uniq_psyche, uniq_pikel
D:10:     layout_roguey, uniq_erolcha
D:11:     layout_roguey, david_orc_5
D:12:     layout_rooms
D:13:     layout_irregular_city, david_vaults_3, serial_shops, shop,
          nicolae_hepliaklqana_hippocampus
D:14:     layout_loops_corners, special_room [special_room_orc],
          pdpol_wu_jian_five_deadly_venoms, hive_lemuel, uniq_snorg
D:15:     grunt_enter_depths_magical_seal, layout_loops_cross,
          okawaru_metal_pillars_1_2, nicolae_ashenzari_panopticon
Temple:   nicolae_temple_the_god_donut
Lair:1:   layout_misc_corridors, wad_woods_03
Lair:2:   layout_loops_ring, serial_bayou_pond_d, beast_lair_carwin_3,
          lemuel_fruit_tree, uniq_sonja
Lair:3:   layout_cave_pods, minmay_shoals_entry_hut, beast_lair_carwin_10,
          serial_bayou_shore_a
Lair:4:   layout_hall_layers, guppyfry_snake_entry_garden
Lair:5:   layout_concentric_octagons
Lair:6:   evilmike_catoblepas_cave, layout_cave_pods, slime_altar_1,
          grunt_megastairs_5
Snake:1:  layout_layer_cave, uniq_aizul
Snake:2:  layout_chambers, serial_bayou, serial_bayou_lagoon_a,
          serial_bayou_ford_a, serial_bayou_crossing, serial_bayou_pond_a,
          serial_bayou_pond_d, minmay_shop_grove, uniq_nikola
Snake:3:  layout_cave_shapes, ebering_ghost_rock_garden,
          nicolae_snake_gridmaze_swirls, serial_bayou_pond_d
Snake:4:  hellmonk_snake_rune_quicksilver_temple, layout_onion, basic_altar,
          gammafunk_ghost_split, drop_trap, minmay_shop_star, uniq_mara,
          uniq_vashnia
Orc:1:    layout_caves, uniq_gastronok, uniq_fannar, uniq_maurice
Orc:2:    st_orc_open, layout_caves
Depths:1: layout_gridville, minmay_room_of_horrors,
          nicolae_tso_swordbearing_angel, hell_entry, zin_purify,
          grunt_megastairs_3, serial_bayou_shore_b, firewood_loft

Skill      XL: |  1  2  3  4  5  6  7  8  9 10 11 12 13 14 15 16 |
---------------+-------------------------------------------------+-----
Unarmed Combat | 4 6 8 9 10 12 13 15 16 17 18 | 18.5
Fighting       | 5 10 14 15 | 15.5
Throwing       | 2 3 4 |  4.7
Dodging        | 3 5 7 9 11 13 15 | 15.0
Armour         | 2 5 |  5.0
Stealth        | |  1.0

Action                   |  1- 3 |  4- 6 |  7- 9 | 10-12 | 13-15 | 16-18 || total
-------------------------+-------+-------+-------+-------+-------+-------++-------
Melee: Unarmed           |   108 |   133 |   236 |   569 |  1013 |   304 ||  2363
       Punch             |     1 |     3 |     8 |    46 |     4 |       ||    62
Throw: Stone             |     2 |     1 |     6 |    21 |     3 |       ||    33
       Large rock        |       |       |       |       |    18 |       ||    18
Invok: Sacrifice Artific |       |       |       |     1 |       |       ||     1
       Sacrifice a Hand  |       |       |       |       |     1 |       ||     1
       Sacrifice Resista |       |       |       |       |     1 |       ||     1
       Apocalypse        |       |       |       |       |     3 |       ||     3
Evoke: Wand              |       |     1 |     1 |       |       |       ||     2
  Use: Scroll            |       |       |       |    26 |     5 |       ||    31
       Potion            |       |       |       |       |     8 |     1 ||     9
 Stab: Sleeping          |     2 |       |     3 |     3 |     3 |       ||    11
       Paralysed         |       |     4 |       |       |     7 |     4 ||    15
       Petrified         |       |       |       |     2 |       |       ||     2
       Distracted        |       |       |       |       |    13 |       ||    13
       Invisible         |       |       |       |       |     7 |     9 ||    16
Armor: Robe              |    39 |    32 |    48 |   187 |   161 |       ||   467
       Acid dragon scale |       |       |       |       |    82 |    21 ||   103
Dodge: Dodged            |    55 |    62 |   115 |   276 |   546 |   152 ||  1206

Table legend: (Time is in decaauts)
 A = Elapsed time spent in this place.
 B = Non-inter-level travel time spent in this place.
 C = Inter-level travel time spent in this place.
 D = Time resting spent in this place.
 E = Time spent auto-exploring this place.
 F = Levels seen in this place.
 G = Mean time per level.
                   A        B        C        D        E       F      G
               +--------+--------+--------+--------+--------+-----+--------+
         Total |  26529 |  24674 |   1855 |   1282 |  17070 |  30 |  884.3 |
       Dungeon |  14716 |  13499 |   1217 |    340 |   9940 |  15 |  981.1 |
        Temple |    148 |    127 |     21 |      0 |     17 |   1 |  148.0 |
          Lair |   5420 |   4943 |    477 |    175 |   3594 |   6 |  903.3 |
     Snake Pit |   4849 |   4750 |     99 |    544 |   3011 |   4 | 1212.2 |
  Orcish Mines |   1133 |   1094 |     39 |    177 |    487 |   2 |  566.5 |
        Depths |    200 |    200 |      0 |     45 |      0 |   1 |  200.0 |
        Bailey |     60 |     60 |      0 |      0 |     21 |   1 |   60.0 |
               +--------+--------+--------+--------+--------+-----+--------+

Top non-repeatable levels by time:
 Snake:2: 1878 daAuts
  Lair:6: 1543 daAuts
     D:5: 1395 daAuts
     D:7: 1364 daAuts
 Snake:1: 1333 daAuts
    D:14: 1316 daAuts
     D:1: 1141 daAuts
     D:8: 1087 daAuts
  Lair:3: 966 daAuts
    D:13: 958 daAuts
    D:15: 932 daAuts
  Lair:2: 929 daAuts
    D:11: 923 daAuts
     D:4: 903 daAuts
     D:6: 890 daAuts
